 Dungeon Crawl Stone Soup version 0.29-a0-1047-g7c58e119a4 (webtiles) character file.

Game seed: 14342382769852187345

1190 ytrimaz the Insei (level 8, -7/54 HPs)
             Began as a Demonspawn Transmuter on Aug 17, 2022.
             Was an Initiate of Cheibriados.
             Killed by divine providence
             ... invoked by an orc priest
              (14 damage)
             ... on level 6 of the Dungeon.
             The game lasted 00:07:30 (5260 turns).

ytrimaz the Insei (Demonspawn Transmuter)           Turns: 5260, Time: 00:07:30

Health: -7/54      AC:  7    Str: 18    XL:     8   Next: 19%
Magic:  10/11      EV: 14    Int: 18    God:    Cheibriados [......]
Gold:   127        SH:  0    Dex: 14    Spells: 5/11 levels left

rFire   . . .      SeeInvis .     - Unarmed
rCold   . . .      Faith    .   (no shield)
rNeg    . . .      Spirit   .   a - +0 robe
rPois   +          Reflect  .   (helmet restricted)
rElec   .          Harm     .   g - +2 cloak
rCorr   .          Rampage  .   (no gloves)
Will    .....                   (no boots)
Stlth   +.........              f - amulet of regeneration
HPRegen 0.98/turn               b - +6 ring of strength
MPRegen 0.12/turn               (no ring)

@: wereblooded, very slow
A: horns 1, slimy green scales 1, demonic guardian 1, foul stench 1, hooves 1,
poison resistance
a: Renounce Religion


You were on level 6 of the Dungeon.
You worshipped Cheibriados.
Cheibriados was noncommittal.
You visited 2 branches of the dungeon, and saw 7 of its levels.
You also visited: Sewer.

You collected 209 gold pieces.
You spent 82 gold pieces at shops.

Inventory:

Armour
 a - a +0 robe (worn)
 g - a +2 cloak (worn)
Jewellery
 b - a +6 ring of strength (left hand)
 f - an amulet of regeneration (around neck)
 k - an amulet of magic regeneration
Wands
 t - a wand of paralysis (8)
 u - a wand of polymorph (6)
Scrolls
 c - 2 scrolls of fear
 d - 5 scrolls of teleportation
 h - 2 scrolls of poison
 n - a scroll of amnesia
 o - a scroll of identify
 s - a scroll of magic mapping
Potions
 e - 2 potions of mutation
 i - 2 potions of ambrosia
 j - a potion of magic {unknown}
 l - a potion of berserk rage {unknown}
 m - a potion of invisibility {unknown}
 p - 2 potions of attraction
 q - 3 potions of curing
 r - a potion of lignification
 v - a potion of experience {unknown}
 w - a potion of heal wounds
 z - a potion of haste
 A - a potion of resistance
 B - a potion of brilliance


   Skills:
 - Level 1.0 Fighting
 + Level 5.3 Dodging
 + Level 7.5 Unarmed Combat
 - Level 2.0 Spellcasting
 - Level 2.9 Transmutations


You had 5 spell levels left.
You knew the following spells:

 Your Spells              Type           Power      Damage    Failure   Level
a - Beastly Appendage     Tmut           24%        N/A       5%          1
b - Wereblood             Tmut           12%        N/A       9%          2
c - Spider Form           Tmut/Pois      7%         N/A       28%         3

Your spell library contained the following spells:

 Spells                   Type           Power      Damage    Failure   Level
 Ice Form                 Ice/Tmut       7%         N/A       69%         4


Dungeon Overview and Level Annotations

Branches:
Dungeon (6/15)             Temple (1/1) D:5           Sewer (visited)

Altars:
Ashenzari
Cheibriados
Dithmenos
Fedhas
Hepliaklqana
Kikubaaqudgha
Makhleb
Nemelex Xobeh
Okawaru
Qazlal
Ru
Trog
Uskayaw
Vehumet
Wu Jian
Xom
Yredelemnul

Shops:
D:1 (   D:2 ?   D:3 !   D:4 *

Annotations:
D:6 exclusion: lemure, Pikel


Innate Abilities, Weirdness & Mutations

You have a pair of small horns on your head.
You are partially covered in slimy green scales. (AC +2)
A weak demonic guardian rushes to your aid.
You may rarely emit foul miasma when damaged in melee.
You have large cloven feet.
Your system is resistant to poisons. (rPois)


Message History

You claw the orc wizard, but do no damage.
You headbutt the orc wizard!
The orc wizard is severely wounded.
You howl as the wereblood boils in your veins!
The orc wizard hits you but does no damage.
You hit the orc wizard.
You feel a bit better.
You kill the orc wizard!
Cheibriados appreciates the change of pace.
The orc warrior unwields a +0 long sword.
The orc warrior wields a +0 arbalest.
The orc warrior shoots a bolt.
The bolt hits you!
The orc priest looks braver for a moment.
The orc warrior unwields a +0 arbalest.
The orc warrior wields a +0 long sword.
The orc warrior hits you with a +0 long sword.
Things that are here:
a +0 dagger; a +0 robe You are too injured to fight recklessly!
You barely miss the orc warrior. Your kick misses the orc warrior.
The orc priest calls down the wrath of Beogh upon you.
Beogh smites you!
* * * LOW HITPOINT WARNING * * *
The orc warrior barely misses you.
You are too injured to fight recklessly!
You hit the orc warrior but do no damage.
You claw the orc warrior, but do no damage.
The orc warrior hits you with a +0 long sword!
* * * LOW HITPOINT WARNING * * *
A demonic guardian appears!
You are too injured to fight recklessly!
You hit the orc warrior but do no damage.
Your kick misses the orc warrior.
The orc priest looks satisfied for a moment.
The orc warrior completely misses you.
Unknown command.
You swap places.
Your talons disappear.
Your quasit disappears in a puff of smoke!
The orc priest calls down the wrath of Beogh upon you.
Beogh smites you!
You die...

#.# #.###..#### #.#
##.....######.#
#.#######.........#
#..............<..#
#.....###..########
##.#### ##.# #)#
#.# #.# #5# #.# #@#
#.# #ยง# #.# #o#
#o# #.# #.# ..# #.#
#.#


You could see an orc warrior (ally target), an orc priest and a friendly shadow
imp (summoned).

Vanquished Creatures
  Pargi (Sewer)
  A centaur (D:4)
  3 phantoms (D:4)
  A scorpion (D:4)
  A water moccasin zombie (D:4)
  A bullfrog zombie (D:4)
  2 jellies
  4 hounds
  An orc priest (D:6)
  A bullfrog skeleton (D:4)
  2 iguanas (D:5)
  A scorpion zombie (D:4)
  Natasha (thrice) (D:2)
  An orc wizard (D:6)
  A howler monkey zombie (D:4)
  A howler monkey skeleton (D:4)
  2 river rats (D:4)
  8 adders
  4 adder zombies (D:4)
  3 adder skeletons (D:4)
  3 worms
  5 dart slugs
  7 orcs
  2 endoplasms
  11 goblins
  5 hobgoblins
  2 quokkas
  11 ball pythons
  4 bats
  9 frilled lizards
  12 kobolds
  7 rats
120 creatures vanquished.

Vanquished Creatures (others)
  A fungus (D:1)
  6 withered plants (D:4)
7 creatures vanquished.

Grand Total: 127 creatures vanquished

Notes
Turn   | Place    | Note
-------+----------+-------------------------------------------
     0 | D:1      | ytrimaz the Demonspawn Transmuter began the quest for the
                  | Orb.
     0 | D:1      | Reached XP level 1. HP: 15/15 MP: 3/3
   233 | D:1      | Reached skill level 3 in Unarmed Combat
   506 | D:1      | Gained mutation: You may rarely emit foul miasma when
                  | damaged in melee. [demonic ancestry]
   506 | D:1      | Reached XP level 2. HP: 15/16 MP: 3/5
   531 | D:1      | Found a faded altar of an unknown god.
  1012 | D:1      | Found Xithrio's Antique Weapon Boutique.
  1117 | D:1      | Gained mutation: Your system is resistant to poisons.
                  | (rPois) [potion of mutation]
  1117 | D:1      | Gained mutation: You have large cloven feet. [potion of
                  | mutation]
  1122 | D:1      | Learned a level 2 spell: Wereblood
  1153 | D:2      | Reached XP level 3. HP: 24/26 MP: 4/6
  1435 | D:2      | Found Zozexkuv's Magic Scroll Shop.
  1448 | D:2      | Reached XP level 4. HP: 20/32 MP: 5/7
  1469 | D:2      | Bought a scroll of identify for 26 gold pieces
  1469 | D:2      | Bought a scroll of identify for 26 gold pieces
  1475 | D:2      | Learned a level 3 spell: Spider Form
  1761 | D:2      | Noticed Natasha
  1771 | D:2      | Killed Natasha
  2017 | D:2      | Noticed Natasha
  2024 | D:2      | Killed Natasha
  2025 | D:2      | Reached skill level 4 in Unarmed Combat
  2068 | D:2      | Noticed Natasha
  2097 | D:2      | Killed Natasha
  2098 | D:2      | Reached XP level 5. HP: 13/37 MP: 8/8
  2418 | D:3      | Found Zowiewk's Distillery.
  3077 | D:4      | Noticed a centaur
  3085 | D:4      | Killed a centaur
  3137 | D:4      | Gained mutation: A weak demonic guardian rushes to your
                  | aid. [demonic ancestry]
  3137 | D:4      | Reached XP level 6. HP: 43/43 MP: 7/9
  3154 | D:4      | Found Moneuqer's General Store.
  3172 | D:4      | Bought a potion of lignification for 30 gold pieces
  3240 | D:4      | Reached skill level 5 in Unarmed Combat
  3343 | D:4      | Mutation became permanent: You have a pair of small horns
                  | on your head. [demonic ancestry]
  3343 | D:4      | Gained mutation: You have a pair of horns on your head.
                  | [demonic ancestry]
  3343 | D:4      | Reached XP level 7. HP: 20/48 MP: 7/10
  3375 | D:4      | Reached skill level 6 in Unarmed Combat
  3469 | D:4      | Found a glowing drain.
  3507 | Sewer    | Entered a sewer
  3586 | Sewer    | Noticed Pargi
  3600 | Sewer    | Killed Pargi
  3947 | D:4      | Reached skill level 7 in Unarmed Combat
  4058 | D:5      | Entered Level 5 of the Dungeon
  4233 | D:5      | Reached skill level 5 in Dodging
  4233 | D:5      | Gained mutation: You are partially covered in slimy green
                  | scales. (AC +2) [demonic ancestry]
  4233 | D:5      | Reached XP level 8. HP: 49/54 MP: 9/11
  4322 | D:5      | Found a staircase to the Ecumenical Temple.
  4350 | Temple   | Entered the Ecumenical Temple
  4698 | Temple   | Became a worshipper of Cheibriados the Contemplative
  5202 | D:6      | Noticed Pikel
  5260 | D:6      | Killed from afar by an orc priest

Illustrated notes

Levels and vault maps discovered:
D:1:      lightli_arrival_quake, layout_basic,
          dreamdust_ecumenical_altar_hidden_monk_grotto, serial_shops,
          shop_fountains, minmay_misc_feat_rugged
D:2:      layout_loops_ring, serial_rivers, chequers_serial_rivers_room_b,
          chequers_serial_rivers_room_a, chequers_serial_rivers_small_a,
          chequers_serial_rivers_small_b, chequers_serial_rivers_small_b,
          serial_shops, nicolae_shop_trees,
          nicolae_concentric_dashed_squares_mild, uniq_natasha
D:3:      layout_loops_ring, serial_shops, nicolae_shop_trees
D:4:      layout_loops_ring, portal_sewer_entry_a, serial_undead,
          serial_undead_d, serial_undead_d, serial_undead_b, serial_undead_d,
          serial_undead_b, serial_undead_b, serial_undead_e, serial_undead_f,
          serial_undead_a, serial_undead_c, serial_shops, nicolae_diamond_shop,
          chequers_serial_rivers_micro_a, skrybe_limestone_x
D:5:      layout_loops_ring, minmay_temple_entry_junction, st_stairs_3
D:6:      minmay_goblin_kobold_castle, layout_loops_ring, uniq_maggie,
          uniq_grinder, uniq_menkaure, uniq_pikel
Temple:   mainiacjoe_temple_cubbyholes

Skill      XL: |  1  2  3  4  5  6  7 |
---------------+----------------------+-----
Unarmed Combat | 3 4 5 7 |  7.5
Dodging        | 2 3 4 5 |  5.3
Transmutations | 2 |  2.9
Fighting       | |  1.0
Spellcasting   | |  2.0

Action                   |  1- 3 |  4- 6 |  7- 9 || total
-------------------------+-------+-------+-------++-------
Melee: Unarmed           |   105 |   146 |   154 ||   405
       Kick              |    15 |    36 |    44 ||    95
       Headbutt          |    10 |    16 |    20 ||    46
       Punch             |     2 |     4 |     6 ||    12
 Cast: Beastly Appendage |    18 |    23 |    21 ||    62
       Spider Form       |       |     1 |       ||     1
       Wereblood         |       |     2 |     5 ||     7
  Use: Potion            |     3 |     3 |       ||     6
       Scroll            |     4 |     4 |    10 ||    18
 Stab: Sleeping          |     1 |       |       ||     1
Armor: Robe              |    16 |    24 |    31 ||    71
       Skin              |       |     1 |       ||     1
Dodge: Dodged            |    65 |    85 |    95 ||   245

Table legend: (Time is in decaauts)
 A = Elapsed time spent in this place.
 B = Non-inter-level travel time spent in this place.
 C = Inter-level travel time spent in this place.
 D = Time resting spent in this place.
 E = Time spent auto-exploring this place.
 F = Levels seen in this place.
 G = Mean time per level.
                   A        B        C        D        E       F      G
               +--------+--------+--------+--------+--------+-----+--------+
         Total |   5426 |   5228 |    198 |    290 |   3812 |   8 |  678.2 |
       Dungeon |   4823 |   4694 |    129 |    267 |   3369 |   6 |  803.8 |
        Temple |    379 |    311 |     68 |      0 |    304 |   1 |  379.0 |
         Sewer |    223 |    223 |      0 |     23 |    138 |   1 |  223.0 |
               +--------+--------+--------+--------+--------+-----+--------+

Top non-repeatable levels by time:
     D:2: 1209 daAuts
     D:1: 1140 daAuts
     D:5: 869 daAuts
     D:4: 850 daAuts
     D:3: 656 daAuts
  Temple: 379 daAuts
   Sewer: 223 daAuts
     D:6: 98 daAuts
